 Dungeon Crawl Stone Soup version 0.21.1-1-g345015f (webtiles) character file.

2337 theswoord the Quickloader (level 9, -1/83 HPs)
             Began as a Centaur Hunter on May 26, 2018.
             Was a Follower of Okawaru.
             Slain by an orc warrior
             ... wielding a +0 dire flail
              (9 damage)
             ... on level 7 of the Dungeon.
             The game lasted 00:20:42 (7119 turns).

theswoord the Quickloader (Centaur Hunter)          Turns: 7119, Time: 00:20:43

Health: -1/83      AC:  9    Str: 15 (16) XL:     9   Next: 19%
Magic:  3/3        EV: 13    Int:  9 (10) God:    Okawaru [*.....]
Gold:   394        SH:  0    Dex: 12      Spells: 8/8 levels left

rFire    + . .     SeeInvis +   k - +0 short sword (antimagic)
rCold    x . .     Gourm    +   (no shield)
rNeg     . . .     Faith    .   j - +0 scale mail of the Tired Dreams {rPois rC- SInv}
rPois    +         Spirit   .   (helmet restricted)
rElec    .         Reflect  .   (no cloak)
rCorr    .         Harm     .   n - +0 pair of gloves
MR       .....                  (no barding)
Stlth    ..........             p - amulet of the gourmand
HPRegen  0.00/turn              o - +6 ring of evasion
MPRegen  0.08/turn              D - ring of protection from fire

@: very quick
A: large, antennae 1, hooves 3, yellow scales 1, deformed body, deterioration 1,
speed 2, inhibited regeneration, tough skin 3
a: Heroism, Renounce Religion


You were on level 7 of the Dungeon.
You worshipped Okawaru.
Okawaru was aware of your devotion.
You were very full.

You visited 2 branches of the dungeon, and saw 7 of its levels.
You also visited: Ossuary.

You collected 394 gold pieces.

Inventory:

Hand Weapons
 a - a +1 hand crossbow
 b - a +0 short sword
 k - a +0 antimagic short sword (weapon)
Missiles
 d - 11 bolts
Armour
 c - a +0 leather armour
 j - the +0 scale mail of the Tired Dreams (worn) {rPois rC- SInv}
   (You found it on level 4 of the Dungeon)

   It makes you vulnerable to cold.
   It protects you from poison.
   It lets you see invisible.
 n - a +0 pair of gloves (worn)
 t - a +0 helmet
 C - a +2 troll leather armour
Jewellery
 o - a +6 ring of evasion (left hand)
 p - an amulet of the gourmand (around neck)
 D - a ring of protection from fire (right hand)
Wands
 B - a wand of paralysis (7)
Scrolls
 g - a scroll of remove curse
 l - a scroll of fog
 s - a scroll of teleportation
 w - 2 scrolls of enchant armour
 A - a scroll of magic mapping
Potions
 e - 3 potions of flight
 h - a potion of curing
 i - 3 potions of degeneration
 q - a potion of haste
 r - 2 potions of magic
 u - a potion of agility
 v - 2 potions of lignification
Comestibles
 f - 14 rations


   Skills:
 + Level 9.0 Fighting
 + Level 10.4 Crossbows
 - Level 1.3 Dodging
 - Level 0.4 Stealth


You had 8 spell levels left.
You didn't know any spells.

Dungeon Overview and Level Annotations

Branches:
Dungeon (7/15)             Temple (1/1) D:6

Altars:
Ashenzari
Dithmenos
Fedhas
Gozag
Hepliaklqana
Makhleb
Nemelex Xobeh
Okawaru
Qazlal
Ru
Sif Muna
Trog
Vehumet
Wu Jian
Zin
The Shining One


Innate Abilities, Weirdness & Mutations

You have hooves in place of feet.
Armour fits poorly on your strangely shaped body.
You cover ground very quickly.
You have extremely tough skin. (AC +3)
You have a pair of small antennae on your head.
You are partially covered in yellow scales. (AC +2)
Your body sometimes deteriorates upon taking damage.
You do not regenerate when monsters are visible.


Message History

The orc warrior misses you.
You barely miss the orc warrior. The orc warrior closely misses you.
You hit the orc warrior but do no damage.
You kick the orc warrior, but do no damage.
The orc warrior hits you but does no damage.
You hit the orc warrior but do no damage.
The orc warrior closely misses you.
You closely miss the orc warrior.
The orc warrior hits you with a dire flail.
* * * LOW HITPOINT WARNING * * *
You hit the orc warrior but do no damage.
Your kick misses the orc warrior. The orc warrior closely misses you.
You hit the orc warrior but do no damage.
You kick the orc warrior.
The orc warrior hits you with a dire flail!
* * * LOW HITPOINT WARNING * * *
You barely miss the orc warrior.
You kick the orc warrior, but do no damage.
The orc warrior hits you with a dire flail!
You die...

#.....###
#.....#
#.....#
#.##..#
#.##..#
#.....#
########..#
......###.#
#oo@..#
#######


You could see an orc warrior and an orc.

Vanquished Creatures
  A troll (D:6)
  Sigmund (D:2)
  A hungry ghost (D:7)
  An ice beast (D:7)
  2 phantoms
  An ogre (D:6)
  A centaur (D:7)
  2 bullfrogs (D:7)
  A water moccasin zombie (D:6)
  2 scorpions (D:4)
  The ghost of diana the Ducker, a weakling TrFi (D:3)
  7 killer bees
  2 crimson imps (D:7)
  A hound (D:6)
  A centaur zombie (Ossuary)
  3 orc wizards
  3 orc priests
  A bullfrog skeleton (D:4)
  Terence (D:2)
  An iguana (D:6)
  3 worker ants
  Natasha (thrice) (D:2)
  2 big kobold zombies (Ossuary)
  A hound zombie (D:6)
  2 mummies (Ossuary)
  A worker ant zombie (D:7)
  An adder (D:4)
  An ooze (D:2)
  An adder skeleton (D:4)
  2 adder zombies (Ossuary)
  2 worms (D:2)
  3 dart slugs (D:1)
  5 leopard geckos
  11 orcs
  4 giant cockroaches
  4 goblins
  6 hobgoblins
  15 jackals
  8 kobolds
  2 quokkas
  7 bats
  3 frilled lizards
  A goblin zombie (Ossuary)
  11 hobgoblin zombies (Ossuary)
  12 kobold zombies (Ossuary)
  7 orc zombies (Ossuary)
  A quokka skeleton (D:6)
  3 rats
  A rat zombie (Ossuary)
157 creatures vanquished.

Notes
Turn   | Place    | Note
-------+----------+-------------------------------------------
     0 | D:1      | theswoord the Centaur Hunter began the quest for the Orb.
     0 | D:1      | Reached XP level 1. HP: 17/17 MP: 1/1
   134 | D:1      | Reached XP level 2. HP: 22/25 MP: 2/2
   640 | D:2      | Noticed Natasha
   647 | D:2      | Killed Natasha
   647 | D:2      | Reached skill level 5 in Crossbows
   647 | D:2      | Reached XP level 3. HP: 6/31 MP: 3/3
   894 | D:2      | Found a hazy altar of Hepliaklqana.
   990 | D:2      | Found a deep blue altar of Sif Muna.
  1052 | D:2      | Noticed Sigmund
  1109 | D:2      | Killed Sigmund
  1109 | D:2      | Reached skill level 6 in Crossbows
  1109 | D:2      | Reached XP level 4. HP: 40/40 MP: 4/4
  1109 | D:2      | Reached XP level 5. HP: 46/46 MP: 5/5
  1121 | D:2      | Noticed a phantom
  1132 | D:2      | Killed a phantom
  1132 | D:2      | Reached XP level 6. HP: 53/53 MP: 6/6
  1140 | D:2      | Found a shadowy altar of Dithmenos.
  1236 | D:2      | Noticed Terence
  1238 | D:2      | Noticed Natasha
  1248 | D:2      | Killed Terence
  1258 | D:2      | Killed Natasha
  1533 | D:2      | Reached skill level 5 in Fighting
  1646 | D:2      | Found a glowing silver altar of Zin.
  1782 | D:2      | Found a bloodstained altar of Trog.
  1871 | D:2      | Noticed Natasha
  1878 | D:2      | Killed Natasha
  2286 | D:3      | Found a blossoming altar of Fedhas.
  2654 | D:3      | Reached skill level 7 in Crossbows
  2740 | D:3      | Noticed diana's ghost (weakling TrFi)
  2789 | D:3      | Killed diana's ghost
  2830 | D:3      | Reached XP level 7. HP: 31/61 MP: 2/7
  3076 | D:3      | Found a sparkling altar of Nemelex Xobeh.
  3076 | D:3      | Found a sacrificial altar of Ru.
  3448 | D:4      | Found a sand-covered staircase.
  3451 | Ossuary  | Entered an ossuary
  3797 | D:4      | Got a heavily runed scale mail
  3808 | D:4      | Identified the cursed +0 scale mail of the Tired Dreams {rPois rC- SInv} (You found it on level 4 of the Dungeon)
  3957 | D:4      | Reached skill level 8 in Crossbows
  4380 | D:4      | You fall through a shaft for 3 floors!
  4396 | D:7      | Reached XP level 8. HP: 47/71 MP: 2/8
  4603 | D:6      | Noticed a troll
  4642 | D:6      | Killed a troll
  4642 | D:6      | Reached skill level 9 in Crossbows
  5286 | D:6      | Found a staircase to the Ecumenical Temple.
  5472 | Temple   | Entered the Ecumenical Temple
  5510 | Temple   | Became a worshipper of Warmaster Okawaru
  6294 | D:7      | Reached skill level 10 in Crossbows
  6351 | D:7      | HP: 3/75 [centaur (6)]
  6352 | D:7      | Reached XP level 9. HP: 3/82 MP: 3/9
  6782 | D:7      | Reached * piety under Okawaru
  6803 | D:7      | Gained mutation: You do not regenerate when monsters are visible. [potion of mutation]
  6803 | D:7      | Gained mutation: You have a pair of small antennae on your head. [potion of mutation]
  6803 | D:7      | Gained mutation: Your body sometimes deteriorates upon taking damage. [potion of mutation]
  6803 | D:7      | Gained mutation: You are partially covered in yellow scales. (AC +2) [potion of mutation]
  7119 | D:7      | Slain by an orc warrior

Skill      XL: |  1  2  3  4  5  6  7  8  9 |
---------------+----------------------------+-----
Fighting       | 3 4 5 6 8 9 |  9.0
Crossbows      | 5 6 7 8 10 | 10.4
Dodging        | |  1.3
Stealth        | |  0.4

Action                   |  1- 3 |  4- 6 |  7- 9 || total
-------------------------+-------+-------+-------++-------
Melee: Short sword       |       |   136 |   412 ||   548
       Kick              |       |    23 |   107 ||   130
 Fire: Hand crossbow     |    52 |    47 |   129 ||   228
  Use: Scroll            |       |     6 |    11 ||    17
       Potion            |       |     1 |     7 ||     8
 Stab: Invisible         |       |       |     4 ||     4
  Eat: Chunk             |       |    26 |    13 ||    39
Armor: Leather armour    |     7 |    57 |    29 ||    93
       Scale mail        |       |       |    73 ||    73
       Troll leather arm |       |       |    16 ||    16
       Skin              |       |       |     2 ||     2
Dodge: Dodged            |    12 |   121 |   396 ||   529

Vault maps used:
D:1:      tarquinn_simple_flora_water_e
D:2:      led_sif_pool, overflow_temple_1_default,
          nicolae_overflow_crystal_walls, lemuel_doored_altar, first_ration,
          trog_three_pillars_becter, uniq_natasha, uniq_sigmund, uniq_terence
D:3:      fedhas_altar_2, nicolae_overflow_hidden_temple,
          gammafunk_temple_overflow_elements, minmay_misc_feat_hallway,
          uniq_grinder
D:4:      enter_ossuary_1
D:6:      minmay_temple_entry_steel_oval
Temple:   jpeg_temple_clearing
Ossuary:  ossuary_tomb_1
